 Dungeon Crawl Stone Soup version 0.31.0-2-g5a2aebc5c2 (webtiles) character file.

Game seed: 3454930516767443767

93 Persephone the Chopper (level 4, 0/28 HPs)
             Began as a Gargoyle Fighter on Jan 20, 2024.
             Slain by an ogre
             ... wielding a +0 giant spiked club
              (28 damage)
             ... on level 3 of the Dungeon.
             The game lasted 00:03:41 (2077 turns).

Persephone the Chopper (Gargoyle Fighter)           Turns: 2077, Time: 00:03:41

Health: 0/28       AC: 10    Str: 28    XL:     4   Next: 62%
Magic:  4/4        EV:  9    Int:  8    God:
Gold:   58         SH:  5    Dex: 15    Spells: 3/3 levels left

rFire   . . .        a - +0 war axe
rCold   . . .        c - +0 buckler
rNeg    + . .        b - +0 scale mail
rPois   ∞            (no helmet)
rElec   +            (no cloak)
rCorr   .            (no gloves)
SInv    .            (no boots)
Will    .....        (no amulet) Stlth
                     i - +6 ring of strength
HPRegen 0.24/turn    p - +6 ring of dexterity
MPRegen 0.09/turn

%: no passive effects
@: mighty
A: sickness immunity, AC +3, negative energy resistance 1, electricity
resistance, torment resistance 1, petrification resistance
a: no special abilities


You were on level 3 of the Dungeon.
You visited 1 branch of the dungeon, and saw 3 of its levels.

You collected 58 gold pieces.

Inventory:

Hand Weapons
 a - a +0 war axe (weapon)
Missiles
 j - 2 javelins (quivered)
Armour
 b - a +0 scale mail (worn)
 c - a +0 buckler (worn)
Jewellery
 f - a ring of fire
 i - a +6 ring of strength (left hand)
 p - a +6 ring of dexterity (right hand)
Wands
 u - a wand of flame (16)
Scrolls
 h - 3 scrolls of vulnerability
 k - 3 scrolls of fog {unknown}
 l - a scroll of teleportation
 m - 2 scrolls of identify
Potions
 e - a potion of haste
 g - a potion of mutation {unknown}
 n - 2 potions of invisibility {unknown}
 o - a potion of cancellation {unknown}
 q - a potion of degeneration {unknown}
 r - a potion of magic {unknown}
 s - a potion of heal wounds {unknown}
 t - 2 potions of curing {unknown}


   Skills:
 - Level 3.2 Fighting
 + Level 4.2 Axes
 - Level 3.2 Armour
 + Level 3.4 Shields


You had 3 spell levels left.
You didn't know any spells.
Your spell library contained the following spells:

 Spells                   Type           Power      Damage    Failure   Level
 Kiss of Death            Conj/Necr      0%         2d5       73%         1
 Confusing Touch          Hex            0%         N/A       97%         3
 Dispel Undead            Necr           0%         3d6       100%        4
 Petrify                  Alch/Erth      0%         N/A       100%        4
 Irradiate                Conj/Alch      0%         3d11      100%        5
 Sublimation of Blood     Necr           Unusable   N/A       N/A         2

Dungeon Overview and Level Annotations

Branches:
Dungeon (3/15)

Altars:


Innate Abilities, Weirdness & Mutations

You are immune to sickness and miasma.
Your stone body is resilient. (AC +3)
You are immune to poison.
You resist negative energy. (rN+)
You are resistant to electric shocks. (rElec)
You are resistant to unholy torment.
You are immune to petrification.


Message History

The goblin is moderately wounded.
You block the goblin's attack.
You slash the goblin!
You kill the goblin!
You feel very mighty all of a sudden. You block the goblin's attack.
You barely miss the goblin. You block the goblin's attack.
The goblin hits you but does no damage.
You slash the goblin!
You kill the goblin!
You slash the goblin!
You kill the goblin!
You slice the goblin!!
You kill the goblin!
You block the goblin's attack.
You closely miss the goblin. The goblin hits you but does no damage.
You slice the goblin!!
You kill the goblin!
You slash the goblin!
You kill the goblin!
The ogre completely misses you.
You hit the ogre.
The ogre is lightly wounded.
You block the ogre's attack.
You slash the ogre!
The ogre is heavily wounded.
You barely miss the ogre.
The ogre is heavily wounded.
The ogre barely misses you.
You slash the ogre!
The ogre is almost dead.
The ogre barely misses you.
You barely miss the ogre.
The ogre is almost dead.
The ogre barely misses you.
You barely miss the ogre.
The ogre is almost dead.
The ogre hits you with a +0 giant spiked club!!
Ouch! That really hurt!
You die...

#......# #.....÷.....#
#####.## #...........#
##.####...........#
#.....##..#.).....##
#.......>..........#
#.....#####........######
#.....# ####...........
###.....####g(.###########.
..........@Og..#.....# #.
###.....####...#####.# #.
####### ### #.# #. #.# #)
#.# #. #.# #. #.# #. #.# #.
#.# #.


You could see an ogre and 2 goblins.

Vanquished Creatures
  Natasha (D:2)
  An adder (D:3)
  A dart slug (D:2)
  6 bats
  3 endoplasms
  2 giant cockroaches (D:1)
  13 goblins
  5 hobgoblins
  3 jackals (D:1)
  2 quokkas (D:2)
  6 ball pythons
  4 kobolds
  4 rats
51 creatures vanquished.

Notes
Turn   | Place    | Note
-------+----------+-------------------------------------------
     0 | D:1      | Persephone the Gargoyle Fighter began the quest for the
                  | Orb.
     0 | D:1      | Reached XP level 1. HP: 14/14 MP: 1/1
   108 | D:1      | Reached skill level 2 in Axes
   150 | D:1      | Reached XP level 2. HP: 19/19 MP: 2/2
   506 | D:1      | Reached skill level 3 in Axes
   509 | D:1      | Reached XP level 3. HP: 21/23 MP: 3/3
  1044 | D:2      | Identified the +0 robe "Onius" {Int-5 Dex+6}
  1343 | D:2      | Found a faded altar of an unknown god.
  1497 | D:2      | Noticed Natasha
  1505 | D:2      | Killed Natasha
  1506 | D:2      | Reached skill level 4 in Axes
  1506 | D:2      | Reached XP level 4. HP: 9/28 MP: 4/4
  2061 | D:3      | Noticed an ogre
  2077 | D:3      | Slain by an ogre

Illustrated notes

Levels and vault maps discovered:
D:1:      matt_arrival_grand_opening, layout_loops_ring
D:2:      layout_basic, shapermc_ecumenical_altar_hornbeckon, roderic_lattice_a,
          uniq_natasha
D:3:      layout_basic, minmay_ogre_servants

Skill      XL: |  1  2  3 |
---------------+----------+-----
Axes           | 2 3 4 |  4.2
Fighting       | |  3.2
Armour         | |  3.2
Shields        | |  3.4

Action                     |  1- 3 |  4- 6 || total
---------------------------+-------+-------++-------
  Melee: War axe           |    94 |    48 ||   142
    Use: Scroll            |       |     5 ||     5
         Potion            |       |     1 ||     1
 Armour: Scale mail        |    62 |    24 ||    86
  Dodge: Dodged            |    45 |    23 ||    68
  Block: Buckler           |    20 |    13 ||    33
